 Dungeon Crawl Stone Soup version 0.22.1-2-g9c5b331383 (webtiles) character file.

396 Jynx the Digger (level 6, -1/32 HPs)
             Began as a Gargoyle Earth Elementalist on Nov 15, 2018.
             Slain by hemabe's ghost (4 damage)
             ... on level 3 of the Dungeon.
             The game lasted 00:04:33 (2590 turns).

Jynx the Digger (Gargoyle Earth Elementalist)       Turns: 2590, Time: 00:04:33

Health: -1/32      AC:  6    Str: 11      XL:     6   Next: 83%
Magic:  6/11       EV: 12    Int: 17      God:
Gold:   166        SH:  0    Dex: 10 (11) Spells: 6/12 levels left

rFire    . . .     SeeInvis .   r - +2 dagger (venom)
rCold    . . .     Gourm    .   (no shield)
rNeg     + . .     Faith    .   c - +0 robe
rPois    ∞         Spirit   .   (no helmet)
rElec    +         Reflect  .   (no cloak)
rCorr    .         Harm     .   (no gloves)
MR       .....                  (no boots)
Stlth    ++........             (no amulet)
HPRegen  0.10/turn              e - ring of wizardry
MPRegen  0.12/turn              (no ring)

@: no status effects
A: negative energy resistance 1, electricity resistance, unbreathing,
petrification resistance, rot immunity, AC +4
a: no special abilities


You were on level 3 of the Dungeon.
You were hungry.

You visited 1 branch of the dungeon, and saw 3 of its levels.

You collected 166 gold pieces.

Inventory:

Hand Weapons
 r - a +2 dagger of venom (weapon)
Missiles
 b - 51 stones (quivered)
Armour
 c - a +0 robe (worn)
Jewellery
 e - a ring of wizardry (left hand)
 i - a +4 ring of strength {unknown}
 j - an uncursed amulet of rage
 n - an uncursed ring of see invisible {unknown}
Wands
 l - a wand of digging (9)
Scrolls
 a - a scroll of enchant armour {unknown}
Potions
 f - a potion of might {unknown}
 g - a potion of haste {unknown}
 k - a potion of degeneration {unknown}
 m - 2 potions of curing {unknown}
 p - a potion of lignification {unknown}
 q - a potion of heal wounds {unknown}
Comestibles
 d - 4 rations
 h - 6 chunks of flesh


   Skills:
 + Level 2.5 Short Blades
 - Level 1.5 Dodging
 - Level 2.1 Stealth
 + Level 3.6 Spellcasting
 - Level 0.7 Transmutations
 * Level 7.0 Earth Magic


You had 6 spell levels left.
You knew the following spells:

 Your Spells              Type           Power        Failure   Level  Hunger
a - Sandblast             Erth           ####..       1%          1    None
b - Passwall              Tmut/Erth      ###.....     1%          2    ##.....
c - Stone Arrow           Conj/Erth      ###...       4%          3    ###....

Your spell library contained the following spells:

 Spells                   Type           Power        Failure   Level  Hunger
 Lee's Rapid Deconstruct  Erth           ####......   11%         5    ######.
 Petrify                  Tmut/Erth      ###.....     13%         4    ####...


Dungeon Overview and Level Annotations

Branches:
Dungeon (3/15)

Altars:
Makhleb

Annotations:
D:3 hemabe's ghost, amateur HuAr


Innate Abilities, Weirdness & Mutations

You are resistant to torment.
Your stone body is resilient. (AC +4)
You are immune to poison.
You resist negative energy. (rN+)
You are resistant to electric shocks. (rElec)
You can survive without breathing.
You are immune to petrification.
You are immune to rotting.


Message History

Casting: Sandblast (safe; 1% risk of failure)
Confirm with . or Enter, or press ? or * to list all spells.
Aiming: Sandblast (safe; 1% risk of failure)
Press: ? - help, Shift-Dir - straight line, f/p - hemabe's ghost
Aim: hemabe's ghost (severely damaged)
The blast of sand hits hemabe's ghost.
Hemabe's ghost is severely damaged.
b - 52 stones Hemabe's ghost hits you.
* * * LOW HITPOINT WARNING * * *
Casting: Sandblast (safe; 1% risk of failure)
Confirm with . or Enter, or press ? or * to list all spells.
Aiming: Sandblast (safe; 1% risk of failure)
Press: ? - help, Shift-Dir - straight line, f/p - hemabe's ghost
Aim: hemabe's ghost (severely damaged)
The blast of sand hits hemabe's ghost.
Hemabe's ghost is severely damaged.
b - 51 stones Hemabe's ghost hits you.
You die...

# .#.#.#.#. ........#.#.
#..#....... #.#.#.#.#.
###.........
#####+#####....<.)....
#......##..........†..
#....!.##.#........... #..
#....@W............... #..
##...####.©.####.......
#..##..###. #####..##......
#.....##..#..$(.....#......
#...#.#....###=..##.##.....
#...#.##.#.....#.....#.#'##
#####...#..#...#..©..##..#.#.#
.........+.#..##..#......#.#.##
######.##.#....#...#...##.....


You could see hemabe's ghost.

Vanquished Creatures
  Sigmund (D:2)
  An ogre (D:2)
  3 quasits (D:3)
  An adder (D:2)
  A worm (D:2)
  3 dart slugs
  A leopard gecko (D:2)
  2 ball pythons (D:2)
  3 bats
  2 giant cockroaches (D:3)
  8 goblins
  5 hobgoblins
  6 jackals
  A quokka (D:3)
  4 frilled lizards (D:2)
  5 kobolds
  6 rats
53 creatures vanquished.

Notes
Turn   | Place    | Note
-------+----------+-------------------------------------------
     0 | D:1      | Jynx the Gargoyle Earth Elementalist began the quest for
                  | the Orb.
     0 | D:1      | Reached XP level 1. HP: 10/10 MP: 3/3
   131 | D:1      | Reached skill level 4 in Earth Magic
   190 | D:1      | Reached XP level 2. HP: 14/15 MP: 1/5
   973 | D:1      | Found a burning altar of Makhleb.
  1031 | D:2      | Noticed an ogre
  1039 | D:2      | Reached XP level 3. HP: 16/19 MP: 2/6
  1233 | D:2      | Learned a level 2 spell: Passwall
  1241 | D:2      | Learned a level 3 spell: Stone Arrow
  1466 | D:2      | Killed an ogre
  1466 | D:2      | Reached skill level 1 in Short Blades
  1466 | D:2      | Reached skill level 5 in Earth Magic
  1466 | D:2      | Reached XP level 4. HP: 24/24 MP: 1/8
  1466 | D:2      | Reached XP level 5. HP: 28/28 MP: 1/9
  2042 | D:2      | Noticed Sigmund
  2048 | D:2      | Killed Sigmund
  2048 | D:2      | Reached skill level 6 in Earth Magic
  2048 | D:2      | Reached XP level 6. HP: 18/32 MP: 5/11
  2333 | D:3      | Found a transporter.
  2398 | D:3      | Noticed hemabe's ghost (amateur HuAr)
  2423 | D:3      | Found a transporter.
  2450 | D:3      | Reached skill level 7 in Earth Magic
  2590 | D:3      | Slain by hemabe's ghost

Skill      XL: |  1  2  3  4  5  6 |
---------------+-------------------+-----
Earth Magic    | 4 5 6 7 |  7.0
Short Blades   | 1 2 |  2.5
Spellcasting   | 3 |  3.6
Dodging        | |  1.5
Stealth        | |  2.1
Transmutations | |  0.7

Action                   |  1- 3 |  4- 6 || total
-------------------------+-------+-------++-------
Melee: Unarmed           |    14 |       ||    14
       Dagger            |    35 |    80 ||   115
 Cast: Sandblast         |    39 |    30 ||    69
  Use: Scroll            |     6 |     1 ||     7
 Stab: Sleeping          |     1 |     1 ||     2
  Eat: Chunk             |     2 |     3 ||     5
Armor: Robe              |    21 |    39 ||    60
Dodge: Dodged            |    47 |    79 ||   126
